 Dungeon Sprint DCSS version 0.24-a0-580-g6a6c3f8 (webtiles) character file.

Game seed: 15300117865213069904

431 silentkaos13 the Fighter (level 6, -3/50 HPs)
             Began as a Gnoll Wanderer on Aug 21, 2019.
             Was an Initiate of Hepliaklqana.
             Slain by a slime creature (7 damage)
             ... in the Dungeon (Sprint I: "Red Sonja").
             The game lasted 00:02:17 (481 turns).

silentkaos13 the Fighter (Gnoll Wanderer)            Turns: 481, Time: 00:02:18

Health: -3/50      AC:  9    Str: 17    XL:     6   Next: 99%
Magic:  13/13      EV: 10    Int: 16    God:    Hepliaklqana [......]
Gold:   297        SH:  0    Dex: 12    Spells: 14/14 levels left

rFire    . . .     SeeInvis .   o - +0 long sword
rCold    . . .     Gourm    .   (no shield)
rNeg     . . .     Faith    .   n - +0 chain mail
rPois    .         Spirit   .   (no helmet)
rElec    .         Reflect  .   (no cloak)
rCorr    .         Harm     .   (no gloves)
MR       .....     NoTele   +   (no boots)
Stlth    ..........             (no amulet)
HPRegen  0.16/turn              (no ring)
MPRegen  0.13/turn              (no ring)

@: no status effects
A: distributed training, reduced essence, fangs 1, strong nose
a: Recall Ancestor, Ancestor Identity, Renounce Religion


You were in the Dungeon.
You worshipped Hepliaklqana.
Hepliaklqana was noncommittal.
You were not hungry.

You visited 1 branch You collected 297 gold pieces.

Inventory:

Hand Weapons
 a - a +0 falchion
 e - a +0 dagger
 m - a +4 club
 o - a +0 long sword (weapon)
Missiles
 b - a throwing net (quivered)
Armour
 c - a +0 leather armour
 n - a +0 chain mail (worn)
Wands
 l - a wand of polymorph (4)
Scrolls
 k - a scroll of blinking
Potions
 d - 2 potions of curing
 g - a potion of heal wounds
 h - a potion of haste
 i - 3 potions of magic
 j - a potion of berserk rage
Comestibles
 f - a ration
 p - 3 chunks of flesh


   Skills:
 + Level 8.3 Fighting
 + Level 4.9 Short Blades
 + Level 5.6 Long Blades
 + Level 4.9 Axes
 + Level 4.9 Maces & Flails
 + Level 4.9 Polearms
 + Level 4.9 Staves
 + Level 4.9 Slings
 + Level 4.9 Bows
 + Level 4.9 Crossbows
 + Level 4.9 Throwing
 + Level 4.9 Armour
 + Level 6.8 Dodging
 + Level 6.5 Stealth
 + Level 5.6 Shields
 + Level 4.9 Unarmed Combat
 + Level 4.9 Spellcasting
 + Level 4.1 Conjurations
 + Level 4.1 Hexes
 + Level 4.1 Charms
 + Level 4.1 Summonings
 + Level 4.1 Necromancy
 + Level 4.1 Translocations
 + Level 4.1 Transmutations
 + Level 4.1 Fire Magic
 + Level 4.1 Ice Magic
 + Level 4.1 Air Magic
 + Level 4.1 Earth Magic
 + Level 4.1 Poison Magic
 + Level 5.4 Invocations
 + Level 5.6 Evocations


You had 14 spell levels left.
You didn't know any spells.
Your spell library was empty.

Dungeon Overview and Level Annotations

Branches:
Dungeon (1/1)

Altars:
Cheibriados
Dithmenos
Elyvilon
Fedhas
Gozag
Hepliaklqana
Kikubaaqudgha
Makhleb
Nemelex Xobeh
Okawaru
Qazlal
Ru
Sif Muna
Trog
Uskayaw
Vehumet
Wu Jian
Xom
Yredelemnul
Zin
The Shining One
Jiyva
Lugonu

Shops:
D ?


Innate Abilities, Weirdness & Mutations

Your experience applies equally to all skills.
You have very sharp teeth.
Your uncanny sense of smell can sniff out nearby items.
Your life essence is reduced to manifest your ancestor. (-10% HP)


Message History

Lucia completely misses the slime creature.
You hit the slime creature.
The slime creature is lightly wounded.
The slime creature hits you.
Lucia hits the slime creature.
You hit the slime creature. Your bite misses the slime creature.
The slime creature is moderately wounded.
The slime creature misses you.
Lucia hits the slime creature.
You slash the slime creature!
The slime creature is heavily wounded.
The slime creature hits you!
Lucia hits the slime creature.
You slash the slime creature!
The slime creature is severely wounded.
The slime creature hits you!!
* * * LOW HITPOINT WARNING * * *
Lucia hits the slime creature.
The slime creature hits you!
* * * LOW HITPOINT WARNING * * *
You hit the slime creature. You bite the slime creature.
The slime creature is severely wounded.
Lucia barely misses the slime creature.
The slime creature hits you!
You die...

################ ##
#<.#..').#.)'..#__#∆∆
#..'..#..'..#.@J^.+∆∆
#..#####'#####R#__#
#..####..#...#.# ##∆∆
#..#__####..##)#
#..#_____##'#_.+
#⌠⌠#_.∩...÷..._#
####_..__##_.#'#
∆∆#_____###+#.#∆∆∆∆
####### ### ∆


You could see the friendly Lucia the ancestor and a slime creature.

Vanquished Creatures
  Sigmund (D)
  A yak (D)
  An ogre (D)
  A jelly (D)
  Ijyb (D)
5 creatures vanquished.

Notes
Turn   | Place    | Note
-------+----------+-------------------------------------------
     0 | D        | silentkaos13 the Gnoll Wanderer began the quest for the
                  | Orb.
     0 | D        | silentkaos13 set off with the following items: a +0
                  | falchion, 3 throwing nets, a +0 leather armour, 2 potions
                  | of curing, a +0 dagger, a ration, a potion of heal wounds,
                  | a potion of haste, 2 potions of magic, a potion of berserk
                  | rage, a scroll of blinking
     0 | D        | Reached XP level 1. HP: 23/23 MP: 2/2
     1 | D        | Noticed Ijyb
    23 | D        | Killed Ijyb
    23 | D        | Reached skill level 1 in Short Blades
    23 | D        | Reached skill level 1 in Axes
    23 | D        | Reached skill level 1 in Maces & Flails
    23 | D        | Reached skill level 1 in Polearms
    23 | D        | Reached skill level 1 in Staves
    23 | D        | Reached skill level 1 in Slings
    23 | D        | Reached skill level 1 in Bows
    23 | D        | Reached skill level 1 in Crossbows
    23 | D        | Reached skill level 1 in Throwing
    23 | D        | Reached skill level 1 in Armour
    23 | D        | Reached skill level 1 in Unarmed Combat
    23 | D        | Reached skill level 1 in Spellcasting
    23 | D        | Reached skill level 1 in Conjurations
    23 | D        | Reached skill level 1 in Hexes
    23 | D        | Reached skill level 1 in Charms
    23 | D        | Reached skill level 1 in Summonings
    23 | D        | Reached skill level 1 in Necromancy
    23 | D        | Reached skill level 1 in Translocations
    23 | D        | Reached skill level 1 in Transmutations
    23 | D        | Reached skill level 1 in Fire Magic
    23 | D        | Reached skill level 1 in Ice Magic
    23 | D        | Reached skill level 1 in Air Magic
    23 | D        | Reached skill level 1 in Earth Magic
    23 | D        | Reached skill level 1 in Poison Magic
    23 | D        | Reached XP level 2. HP: 29/29 MP: 2/4
    23 | D        | Reached XP level 3. HP: 35/35 MP: 2/5
    27 | D        | Noticed an ogre
    34 | D        | Killed an ogre
    34 | D        | Reached skill level 7 in Fighting
    34 | D        | Reached skill level 5 in Dodging
    34 | D        | Reached skill level 5 in Stealth
    34 | D        | Reached XP level 4. HP: 43/43 MP: 2/8
    37 | D        | Noticed Sigmund
    49 | D        | Killed Sigmund
    49 | D        | Reached skill level 5 in Long Blades
    49 | D        | Reached skill level 5 in Shields
    49 | D        | Reached skill level 5 in Evocations
    49 | D        | Reached XP level 5. HP: 27/49 MP: 4/11
    49 | D        | Reached XP level 6. HP: 31/56 MP: 4/12
   209 | D        | Found an ornate altar of the Wu Jian Council.
   209 | D        | Found a shimmering blue altar of Sif Muna.
   211 | D        | Found a radiant altar of Vehumet.
   288 | D        | Found Roumif's Magic Scroll Emporium.
   288 | D        | Found an ancient bone altar of Kikubaaqudgha.
   288 | D        | Found a hazy altar of Hepliaklqana.
   288 | D        | Found a stormy altar of Qazlal.
   288 | D        | Found a hide-covered altar of Uskayaw.
   288 | D        | Found a blossoming altar of Fedhas.
   288 | D        | Found a bloodstained altar of Trog.
   288 | D        | Found an iron altar of Okawaru.
   288 | D        | Found a basalt altar of Yredelemnul.
   288 | D        | Found a glowing golden altar of the Shining One.
   288 | D        | Found a snail-covered altar of Cheibriados.
   288 | D        | Found a sacrificial altar of Ru.
   288 | D        | Found a glowing silver altar of Zin.
   288 | D        | Found a shadowy altar of Dithmenos.
   288 | D        | Found a white marble altar of Elyvilon.
   288 | D        | Noticed a yak
   299 | D        | Killed a yak
   299 | D        | Reached skill level 8 in Fighting
   299 | D        | Reached skill level 5 in Invocations
   300 | D        | Found an opulent altar of Gozag.
   303 | D        | Found a sparkling altar of Nemelex Xobeh.
   463 | D        | Became a worshipper of Hepliaklqana the Forgotten
   474 | D        | Found a burning altar of Makhleb.
   474 | D        | Found a viscous altar of Jiyva.
   474 | D        | Found a shimmering altar of Xom.
   474 | D        | Found a corrupted altar of Lugonu.
   474 | D        | Noticed a slime creature
   481 | D        | Slain by a slime creature

Levels and vault maps discovered:
D:        dungeon_sprint_1 [red_sonja_temple_1, red_sonja_temple_small_1]

Skill      XL: |  1  2  3  4  5  6 |
---------------+-------------------+-----
Short Blades   | 1 3 4 |  4.9
Long Blades    | 3 4 5 |  5.6
Axes           | 1 3 4 |  4.9
Maces & Flails | 1 3 4 |  4.9
Polearms       | 1 3 4 |  4.9
Staves         | 1 3 4 |  4.9
Slings         | 1 3 4 |  4.9
Bows           | 1 3 4 |  4.9
Crossbows      | 1 3 4 |  4.9
Throwing       | 1 3 4 |  4.9
Armour         | 1 3 4 |  4.9
Shields        | 3 4 5 |  5.6
Unarmed Combat | 1 3 4 |  4.9
Spellcasting   | 1 3 4 |  4.9
Conjurations   | 1 2 3 4 |  4.1
Hexes          | 1 2 3 4 |  4.1
Charms         | 1 2 3 4 |  4.1
Summonings     | 1 2 3 4 |  4.1
Necromancy     | 1 2 3 4 |  4.1
Translocations | 1 2 3 4 |  4.1
Transmutations | 1 2 3 4 |  4.1
Fire Magic     | 1 2 3 4 |  4.1
Ice Magic      | 1 2 3 4 |  4.1
Air Magic      | 1 2 3 4 |  4.1
Earth Magic    | 1 2 3 4 |  4.1
Poison Magic   | 1 2 3 4 |  4.1
Invocations    | 2 3 4 5 |  5.4
Evocations     | 3 4 5 |  5.6
Fighting       | 7 8 |  8.3
Dodging        | 5 6 |  6.8
Stealth        | 5 6 |  6.5

Action                   |  1- 3 |  4- 6 || total
-------------------------+-------+-------++-------
Melee: Unarmed           |    13 |       ||    13
       Falchion          |     8 |     9 ||    17
       Bite              |     1 |     4 ||     5
       Long sword        |       |    17 ||    17
       Club              |       |     4 ||     4
       Punch             |       |     1 ||     1
Throw: Throwing net      |     1 |     1 ||     2
 Stab: Held in net/web   |     1 |     1 ||     2
       Confused          |     1 |       ||     1
       Sleeping          |     1 |       ||     1
Armor: Chain mail        |       |     6 ||     6
Dodge: Dodged            |     9 |     7 ||    16
       Rpst.: Falchion   |       |     1 ||     1
       Long sword        |       |     1 ||     1

Table legend:
 A = Non-vault XP
 B = Vault XP
 C = Vault XP percentage of total XP
 D = Non-vault monster count
 E = Vault monster count
 F = Vault count percentage of total count
                 A         B        C        D         E       F
            +---------+---------+-------+---------+---------+-------
      Total |       0 |     616 | 100.0 |       0 |       5 | 100.0
            +---------+---------+-------+---------+---------+-------
          D |       0 |     616 | 100.0 |       0 |       5 | 100.0
            +---------+---------+-------+---------+---------+-------
